 Dungeon Crawl Stone Soup version 0.21-a0-591-g2314aa1 (webtiles) character file.

5380 Amnesiac the Geomancer (level 10, -1/50 HPs)
             Began as a Deep Elf Earth Elementalist on Dec 22, 2017.
             Was a Follower of Ashenzari.
             Slain by a hornet zombie (6 damage)
             ... on level 9 of the Dungeon.
             The game lasted 00:12:16 (7211 turns).

Amnesiac the Geomancer (DEEE)                       Turns: 7211, Time: 00:12:17

Health: -1/50      AC:  7    Str:  5    XL:     10   Next: 39%
Magic:  22/33      EV: 12    Int: 31    God:    Ashenzari [*.....]
Gold:   469        SH:  0    Dex: 15    Spells: 13/25 levels left

rFire    . . .     SeeInvis .   a - +0 dagger
rCold    . . .     Gourm    +   (no shield)
rNeg     + + .     Faith    .   B - +1 leather armour of Ru's Esteem {rN++} (curse)
rPois    +         Spirit   .   C - +2 hat (curse)
rElec    .         Reflect  .   w - +0 cloak (curse)
rCorr    .         Harm     .   (no gloves)
MR       +....                  (no boots)
Stlth    ++++......             n - amulet of the gourmand (curse)
HPRegen  0.16/turn              l - +3 ring of intelligence
MPRegen  0.23/turn              v - ring "Tuosetoh" {rPois MP+9 Int+4} (curse)

@: no status effects
A: no striking features
a: Curse Item, Scrying, Renounce Religion


You were on level 9 of the Dungeon.
You worshipped Ashenzari.
Ashenzari was aware of your devotion.
You were completely stuffed.

You visited 2 branches of the dungeon, and saw 10 of its levels.

You collected 469 gold pieces.

Inventory:

Hand Weapons
 a - a +0 dagger (weapon)
 b - a +3 hunting sling of freezing
Missiles
 j - 2 poisoned needles
 F - 45 stones (quivered)
 K - 5 needles of sleeping
 L - 115 sling bullets
Armour
 w - a cursed +0 cloak (worn)
 B - the cursed +1 leather armour of Ru's Esteem (worn) {rN++}
   (You found it on level 6 of the Dungeon)

   It greatly protects you from negative energy.
   It has a curse placed upon it.
 C - a cursed +2 hat (worn)
Jewellery
 l - a +3 ring of intelligence (left hand)
 n - a cursed amulet of the gourmand (around neck)
 v - the cursed ring "Tuosetoh" (right hand) {rPois MP+9 Int+4}
   (You found it on level 5 of the Dungeon)

   [ring of magical power]

   It affects your intelligence (+4).
   It protects you from poison.
   It affects your magic capacity (+9).
   It has a curse placed upon it.
Wands
 q - a wand of random effects (25)
Scrolls
 c - a scroll of immolation {!r, unknown}
 f - 5 scrolls of enchant armour {!r, unknown}
 h - 4 scrolls of identify {!r}
 k - a scroll of blinking {!r, unknown}
 m - 2 scrolls of remove curse {!r}
 o - 3 scrolls of teleportation {!r, unknown}
 r - 6 scrolls of random uselessness {!r, unknown}
 t - 2 scrolls of fear {!r, unknown}
 x - 2 scrolls of amnesia {!r, unknown}
 y - 2 scrolls of magic mapping {!r, unknown}
 z - a scroll of enchant weapon {!r, unknown}
 A - a scroll of fog {!r, unknown}
 D - a scroll of noise {!r, unknown}
 J - a scroll of silence {!r, unknown}
Potions
 g - a potion of brilliance {!q, unknown}
 i - 2 potions of haste {!q, unknown}
 p - a potion of curing {!q, unknown}
 s - a potion of cancellation {!q, unknown}
 u - 2 potions of invisibility {!q, unknown}
 E - a potion of degeneration {!q, unknown}
 G - a potion of ambrosia {!q, unknown}
 H - a potion of mutation {!q, unknown}
 I - a potion of berserk rage {!q, unknown}
 N - a potion of heal wounds {!q, unknown}
Books
 e - a book of Geomancy

   Spells                             Type                      Level
   a - Sandblast                      Earth                        1
   b - Passwall                       Transmutation/Earth          2
   c - Stone Arrow                    Conjuration/Earth            3
   d - Petrify                        Transmutation/Earth          4
   e - Lee's Rapid Deconstruction     Earth                        5
 O - a book of Transfigurations

   Spells                             Type                      Level
   a - Irradiate                      Conjuration/Transmutation    5
   b - Statue Form                    Transmutation/Earth          6
   c - Hydra Form                     Transmutation                6
   d - Dragon Form                    Transmutation                7
Comestibles
 d - 16 rations
 M - 3 chunks of flesh


   Skills:
 * Level 9.0 Short Blades
 - Level 2.4 Dodging
 - Level 10.0 Stealth
 - Level 8.0 Spellcasting
 - Level 1.1 Transmutations
 - Level 10.0 Earth Magic


You had 13 spell levels left.
You knew the following spells:

 Your Spells              Type           Power        Failure   Level  Hunger
a - Sandblast             Erth           ######       1%          1    None
b - Passwall              Tmut/Erth      #####.....   1%          2    None
d - Lee's Rapid Deconstr  Erth           ######....   3%          5    ####...
e - Petrify               Tmut/Erth      #####...     7%          4    None


Dungeon Overview and Level Annotations

Branches:
Dungeon (9/15)             Temple (1/1) D:7
   Lair: D:8-11         Orc: D:9-12

Altars:
Ashenzari
Dithmenos
Elyvilon
Hepliaklqana
Kikubaaqudgha
Sif Muna
Wu Jian
Xom
Yredelemnul

Annotations:
D:8 CasualChangeling's ghost, novice GnWn


Message History

The hippogriff bites you. The hippogriff pecks you! The hippogriff claws you.
* * * LOW HITPOINT WARNING * * *
A hornet zombie comes into view.
Casting: Sandblast
Confirm with . or Enter, or press ? or * to list all spells.
Aiming: Sandblast
Press: ? - help, Shift-Dir - straight line, f/p - hippogriff
Aim: a hippogriff (almost dead)
The blast of sand hits the hippogriff.
You kill the hippogriff!
Your Short Blades skill increases to level 9!
F - 50 stones The hornet zombie moves out of view.
Casting: Sandblast
Confirm with . or Enter, or press ? or * to list all spells.
Aiming: Sandblast
Press: ? - help, Shift-Dir - straight line, f - hornet zombie
Aim: a hornet zombie The blast of sand hits the hornet zombie.
The hornet zombie is moderately damaged.
F - 49 stones The hornet zombie hits you.
* * * LOW HITPOINT WARNING * * *
Casting: Sandblast
Confirm with . or Enter, or press ? or * to list all spells.
Aiming: Sandblast
Press: ? - help, Shift-Dir - straight line, f/p - hornet zombie
Aim: a hornet zombie (moderately damaged)
The blast of sand hits the hornet zombie.
The hornet zombie is moderately damaged.
F - 48 stones The hornet zombie hits you.
* * * LOW HITPOINT WARNING * * *
Casting: Sandblast
Confirm with . or Enter, or press ? or * to list all spells.
Aiming: Sandblast
Press: ? - help, Shift-Dir - straight line, f/p - hornet zombie
Aim: a hornet zombie (moderately damaged)
The blast of sand misses the hornet zombie.
F - 47 stones The hornet zombie hits you.
* * * LOW HITPOINT WARNING * * *
The hornet zombie hits you.
* * * LOW HITPOINT WARNING * * *
Casting: Sandblast
Confirm with . or Enter, or press ? or * to list all spells.
Aiming: Sandblast
Press: ? - help, Shift-Dir - straight line, f/p - hornet zombie
Aim: a hornet zombie (moderately damaged)
The blast of sand hits the hornet zombie.
The hornet zombie is severely damaged.
F - 46 stones The hornet zombie hits you.
* * * LOW HITPOINT WARNING * * *
Casting: Sandblast
Confirm with . or Enter, or press ? or * to list all spells.
Aiming: Sandblast
Press: ? - help, Shift-Dir - straight line, f/p - hornet zombie
Aim: a hornet zombie (severely damaged)
The blast of sand hits the hornet zombie.
The hornet zombie is almost destroyed.
F - 45 stones The hornet zombie hits you.
You die...

.......(.###..###.# ##.#
.............##.#.###...#.
........#......†..........
..........#....).......<..
......#.#....†##........#
........#.##..##........+
..........###.##........#+
.......#... #.##..........
......#### #.@Z........##
.... #..###.......... ##.
#.......... #. #..........
## ...........
##.......... #..........
#......... .........


You could see a hornet zombie.

Vanquished Creatures
  Pikel (D:7)
  Joseph (D:8)
  2 trolls
  A hippogriff (D:9)
  3 hogs (D:7)
  A yak (D:7)
  A human (D:7)
  The ghost of p0werm0de the Stinger, an amateur OpVM of Makhleb (D:5)
  4 phantoms
  4 slaves (D:7)
  2 sky beasts
  An orc warrior (D:6)
  4 ice beasts
  An ogre (D:5)
  5 centaurs
  Blork the orc (D:4)
  2 bullfrogs
  2 scorpions
  6 killer bees (D:8)
  4 howler monkeys
  2 electric eels (D:7)
  4 crimson imps
  4 orc priests
  2 hounds
  3 jellies
  A centaur skeleton (D:7)
  Crazy Yiuf (D:7)
  A bullfrog skeleton (D:6)
  Terence (D:3)
  4 worker ants
  6 orc wizards
  A hound zombie (D:5)
  2 hound skeletons
  10 adders
  3 shadow imps
  3 oozes
  An adder skeleton (D:4)
  2 adder zombies
  3 worms
  A dart slug (D:1)
  3 leopard geckos
  13 orcs
  3 giant cockroaches
  7 goblins
  3 hobgoblins (D:3)
  10 jackals
  6 kobolds
  3 quokkas
  2 ball pythons
  7 bats
  3 frilled lizards
  A jackal zombie (D:6)
  5 rats
168 creatures vanquished.

Vanquished Creatures (others)
  A black bear (D:6)
  A scorpion (D:6)
  An orc priest (D:6)
  An iguana (D:6)
  An adder skeleton (D:6)
  A quokka (D:6)
6 creatures vanquished.

Grand Total: 174 creatures vanquished

Notes
Turn   | Place    | Note
-------+----------+-------------------------------------------
     0 | D:1      | Amnesiac the Deep Elf Earth Elementalist began the quest for the Orb.
     0 | D:1      | Reached XP level 1. HP: 10/10 MP: 6/6
    61 | D:1      | Reached XP level 2. HP: 11/15 MP: 4/8
   572 | D:1      | Reached XP level 3. HP: 19/19 MP: 8/10
   764 | D:2      | Reached XP level 4. HP: 24/24 MP: 8/12
   804 | D:2      | Learned a level 2 spell: Passwall
   809 | D:2      | Learned a level 4 spell: Petrify
  1050 | D:2      | Reached skill level 5 in Earth Magic
  1205 | D:3      | Reached XP level 5. HP: 28/28 MP: 8/14
  1223 | D:3      | Learned a level 5 spell: Lee's Rapid Deconstruction
  1302 | D:3      | Reached skill level 5 in Spellcasting
  1368 | D:3      | Noticed Terence
  1794 | D:3      | Killed Terence
  1794 | D:3      | Reached XP level 6. HP: 32/32 MP: 3/16
  2255 | D:4      | Noticed Blork the orc
  2262 | D:4      | Killed Blork the orc
  2397 | D:4      | Noticed an ice beast
  2410 | D:4      | Killed an ice beast
  2410 | D:4      | Reached XP level 7. HP: 36/36 MP: 8/18
  2706 | D:5      | Entered Level 5 of the Dungeon
  2779 | D:5      | Noticed p0werm0de's ghost (amateur OpVM)
  2957 | D:5      | Killed p0werm0de's ghost
  3174 | D:5      | Got a brightly glowing lead ring
  3191 | D:5      | Reached XP level 8. HP: 23/41 MP: 15/21
  3842 | D:6      | Found a shimmering altar of Xom.
  3851 | D:6      | Reached skill level 10 in Earth Magic
  3858 | D:6      | Reached skill level 1 in Short Blades
  3998 | D:6      | Got a polished leather armour
  4337 | D:6      | Found a deep blue altar of Sif Muna.
  4983 | D:7      | Found an ancient bone altar of Kikubaaqudgha.
  5060 | D:7      | Found a staircase to the Ecumenical Temple.
  5071 | Temple   | Entered the Ecumenical Temple
  5085 | Temple   | Became a worshipper of Ashenzari the Shackled
  5085 | Temple   | Identified the ring "Tuosetoh" {rPois MP+9 Int+4} (You found it on level 5 of the Dungeon)
  5103 | D:7      | Identified the cursed +1 leather armour of Ru's Esteem {rN++} (You found it on level 6 of the Dungeon)
  5171 | D:7      | Reached XP level 9. HP: 45/45 MP: 22/23
  5288 | D:7      | Noticed Pikel
  5296 | D:7      | Killed Pikel
  5296 | D:7      | Reached skill level 5 in Short Blades
  5296 | D:7      | Reached skill level 5 in Stealth
  5512 | D:7      | Found a runed door.
  6084 | D:7      | Noticed Crazy Yiuf
  6086 | D:7      | Killed Crazy Yiuf
  6134 | D:8      | Reached skill level 10 in Stealth
  6186 | D:8      | Reached XP level 10. HP: 41/50 MP: 17/24
  6189 | D:8      | Noticed CasualChangeling's ghost (novice GnWn)
  6202 | D:8      | Noticed Joseph
  6321 | D:8      | Reached * piety under Ashenzari
  6488 | D:8      | Killed Joseph
  7211 | D:9      | Slain by a hornet zombie

Vault maps used:
D:1:      minmay_arrival_open_corners
D:3:      uniq_terence
D:4:      first_ration, uniq_blork_the_orc
D:6:      kennysheep_mini, xom_confusion_cloud
D:7:      minmay_temple_entry_mist, grunt_livestock, nrook_mini_vaults,
          kennysheep_flooded_box, corexii_corridor_pit, grunt_decor_resistance,
          chequers_big_river, uniq_pikel, uniq_crazy_yiuf_cottage
D:8:      grunt_ministairs_4, uniq_joseph
D:9:      zin_treasury, serial_shops, nicolae_shop_behind_doors
Temple:   regret_index_temple_chain_breaker

Skill      XL: |  1  2  3  4  5  6  7  8  9 10 |
---------------+-------------------------------+-----
Earth Magic    | 4 5 6 7 9 10 | 10.0
Spellcasting   | 4 5 6 7 8 |  8.0
Short Blades   | 4 6 9 |  9.0
Stealth        | 4 10 | 10.0
Dodging        | |  2.4
Transmutations | |  1.1

Action                   |  1- 3 |  4- 6 |  7- 9 | 10-12 || total
-------------------------+-------+-------+-------+-------++-------
Melee: Unarmed           |     6 |     3 |       |       ||     9
       Dagger            |       |    11 |    23 |     7 ||    41
 Cast: Sandblast         |    37 |    63 |   110 |    31 ||   241
       Petrify           |       |     3 |     6 |     6 ||    15
       Lee's Rapid Decon |       |     1 |     9 |     5 ||    15
Invok: Curse Item        |       |       |     4 |       ||     4
  Use: Scroll            |       |       |     1 |       ||     1
 Stab: Petrified         |       |     8 |     9 |     6 ||    23
       Sleeping          |       |     1 |       |       ||     1
       Distracted        |       |       |     2 |       ||     2
  Eat: Chunk             |       |     5 |    29 |     4 ||    38
Armor: Robe              |    12 |     1 |     4 |       ||    17
       Leather armour    |       |       |     2 |     7 ||     9
Dodge: Dodged            |    26 |    14 |    25 |    14 ||    79

Table legend:
 A = Spawn XP
 B = Non-spawn XP
 C = Spawn XP percentage of total XP
 D = Spawn monster count
 E = Non-spawn monster count
 F = Spawn count percentage of total count
 G = Total turns spent on level
                    A         B        C        D         E        F      G
               +---------+---------+-------+---------+---------+-------+---------
         Total |       0 |    7686 |   0.0 |       0 |     164 |   0.0 |  7211
               +---------+---------+-------+---------+---------+-------+---------
           D:1 |       0 |      41 |   0.0 |       0 |      16 |   0.0 |   706
           D:2 |       0 |      92 |   0.0 |       0 |      22 |   0.0 |   533
           D:3 |       0 |     269 |   0.0 |       0 |      27 |   0.0 |   708
           D:4 |       0 |     392 |   0.0 |       0 |       9 |   0.0 |  1189
           D:5 |       0 |     995 |   0.0 |       0 |      22 |   0.0 |   950
           D:6 |       0 |     569 |   0.0 |       0 |      15 |   0.0 |  1089
           D:7 |       0 |    2682 |   0.0 |       0 |      25 |   0.0 |  1292
           D:8 |       0 |    1644 |   0.0 |       0 |      17 |   0.0 |   640
           D:9 |       0 |    1002 |   0.0 |       0 |      11 |   0.0 |    77
               +---------+---------+-------+---------+---------+-------+---------
